 Dungeon Crawl Stone Soup version 0.23.1 (webtiles) character file.

Game seed: 0

489 Irenicus the Geomancer (level 6, -6/44 HPs)
             Began as a Deep Dwarf Earth Elementalist on Mar 17, 2019.
             Mangled by an orc warrior
             ... wielding a +0 long sword
              (18 damage)
             ... on level 4 of the Dungeon.
             The game lasted 00:13:51 (1668 turns).

Irenicus the Geomancer (DDEE)                       Turns: 1668, Time: 00:13:51

Health: -6/44      AC:  6    Str: 11 (12) XL:     6   Next: 90%
Magic:  1/9        EV: 10    Int: 17 (19) God:
Gold:   119        SH:  0    Dex: 10 (13) Spells: 6/9 levels left

rFire    . . .     SeeInvis .   e - +0 dagger
rCold    . . .     Gourm    .   (no shield)
rNeg     . . .     Faith    .   f - +0 ring mail
rPois    +         Spirit   .   i - +0 helmet
rElec    .         Reflect  .   (no cloak)
rCorr    .         Harm     .   (no gloves)
MR       .....                  (no boots)
Stlth    +.........             (no amulet)
HPRegen  0.00/turn              g - ring of poison resistance {rPois, !d}
MPRegen  0.11/turn              c - +2 ring of intelligence

@: non-regenerating
A: damage resistance, heal wounds, claws 1, frail 1, sense surroundings 1,
subdued magic 1, no regeneration
a: Heal Wounds


You were on level 4 of the Dungeon.
You were very hungry.

You visited 1 branch of the dungeon, and saw 4 of its levels.

You collected 119 gold pieces.

Inventory:

Hand Weapons
 e - a +0 dagger (weapon)
   (You found it on level 2 of the Dungeon)
Missiles
 b - 26 stones (quivered)
Armour
 f - a +0 ring mail (worn)
   (You found it on level 1 of the Dungeon)
 i - a +0 helmet (worn)
   (You found it on level 1 of the Dungeon)
Jewellery
 c - a +2 ring of intelligence (right claw)
   (You found it on level 4 of the Dungeon)
 g - a ring of poison resistance (left claw) {rPois, !d}
   (You found it on level 1 of the Dungeon)
Wands
 q - a wand of scattershot (4)
   (You took it off a kobold on level 3 of the Dungeon)
Scrolls
 a - 3 scrolls of identify
 h - a scroll of immolation {!r}
 j - a scroll of fog
 k - 3 scrolls of remove curse
 l - 2 scrolls of teleportation
 p - a scroll of amnesia
Potions
 m - a potion of heal wounds {unknown}
Comestibles
 d - 4 rations


   Skills:
 - Level 2.1 Dodging
 - Level 2.4 Stealth
 - Level 2.0 Spellcasting
 - Level 0.8 Transmutations
 - Level 8.8 Earth Magic
 + Level 5.0 Evocations


You had 6 spell levels left.
You knew the following spells:

 Your Spells              Type           Power        Failure   Level  Hunger
a - Sandblast             Erth           ###...       1%          1    #......
w - Passwall              Tmut/Erth      ##......     8%          2    ###....

Your spell library contained the following spells:

 Spells                   Type           Power        Failure   Level  Hunger
 Stone Arrow              Conj/Erth      ##....       21%         3    ###....
 Lee's Rapid Deconstruct  Erth           ###.......   30%         5    ######.
 Petrify                  Tmut/Erth      ##......     50%         4    #####..


Dungeon Overview and Level Annotations

Branches:
Dungeon (4/15)
 Temple: D:4-7

Altars:
Wu Jian


Innate Abilities, Weirdness & Mutations

You are resistant to damage.
You can heal yourself by infusing magical energy.
You passively map a small area around you.
You do not regenerate.
You have sharp fingernails.
You are frail. (-10% HP)
Your spells are a little easier to cast, but a little less powerful.


Message History

You now have 3/9 mp.
b - 38 stones (gained 16)
You are feeling hungry.
Found a stone staircase leading down.
You feel much better.
You regained 20 hp, and now have 23/44 hp.
Found a stone staircase leading up.
There is a stone staircase leading down here.
c - a blackened wooden ring Put on which piece of jewellery? (? for menu, Esc to quit)
You feel clever.
c - a +2 ring of intelligence (right claw)
You now have 119 gold pieces (gained 10).
MP restored: 9 An adder comes into view.
The adder hisses angrily.
Aim: an adder The blast of sand misses the adder.
b - 37 stones The adder barely misses you.
The adder bites you but does no damage.
You now have 8/9 mp.
Aim: an adder The blast of sand hits the adder!
You kill the adder!
b - 36 stones You now have 7/9 mp.
MP restored: 9
Found a stone staircase leading down.
There is a stone staircase leading down here.
A quokka comes into view.
The quokka moves out of view.
A giant cockroach comes into view.
Aim: a giant cockroach (clinging)
The blast of sand hits the giant cockroach!
You kill the giant cockroach!
b - 35 stones The quokka bites you.
You now have 8/9 mp.
Aim: a quokka The blast of sand hits the quokka!
You kill the quokka!
b - 34 stones You now have 7/9 mp.
A worker ant comes into view.
The worker ant twitches its antennae in your direction.
An orc and an orc warrior come into view.
The orc warrior shouts!
An orc comes into view.
You see here an orange potion.
Aim: a worker ant The blast of sand hits the worker ant but does no damage.
b - 33 stones The worker ant barely misses you.
You now have 6/9 mp.
Aim: a worker ant The blast of sand hits the worker ant!
b - 32 stones The worker ant bites you.
The worker ant barely misses you.
Aim: a worker ant (heavily wounded)
The blast of sand misses the worker ant.
The blast of sand hits the orc warrior.
b - 31 stones The worker ant completely misses you.
You now have 5/9 mp.
Aim: a worker ant (heavily wounded)
The blast of sand misses the worker ant.
b - 30 stones The orc shouts!
You are feeling very hungry.
The worker ant bites you but does no damage.
The orc barely misses you.
You now have 4/9 mp.
m - an orange potion The worker ant barely misses you.
The orc warrior hits you with a +0 long sword!
* * * LOW HITPOINT WARNING * * *
The orc hits you but does no damage.
You take 11 damage, and have 12/44 hp.
MASSIVE DAMAGE!!
The worker ant bites you but does no damage.
Aim: a worker ant (heavily wounded)
The blast of sand hits the worker ant!
You kill the worker ant!
Your Evocations skill increases to level 5!
b - 29 stones You now have 3/9 mp.
Aim: an orc, wielding a +0 club The blast of sand hits the orc!!
You kill the orc!
b - 28 stones You now have 2/9 mp.
Aim: an orc warrior, wielding a +0 long sword and wearing a +0 plate armour (lightly wounded)
The blast of sand hits the orc warrior.
b - 27 stones The orc warrior hits you but does no damage.
You now have 2/9 mp.
Aim: an orc warrior, wielding a +0 long sword and wearing a +0 plate armour (lightly wounded)
The blast of sand misses the orc warrior.
b - 26 stones The orc warrior hits you with a +0 long sword!!
You die...

, , * , ..#*
.##.. ,,, ,,
#..###.... ,
#........*
#...... ,* , *
*#.... * * *
#..## * *
*#######...####
,* ... ,,
.......oo@...# ,
** #.. ,
####..)##.......
.. ###..##
##....# * #.
,######...## *
...# * #. *
.........# #..#
#. .........#
#..# #
.........# #..##
### ......#..##
#..# #####..
.....###..#
#..###......


You could see an orc warrior and an orc.

Vanquished Creatures
  2 ogres (D:4)
  A phantom (D:4)
  An orc wizard (D:3)
  2 worker ants (D:4)
  9 adders
  2 worms
  3 dart slugs
  6 leopard geckos
  7 orcs
  2 ball pythons (D:2)
  10 bats
  3 giant cockroaches
  4 hobgoblins (D:1)
  9 kobolds
  3 quokkas
  3 frilled lizards
  3 goblins
  3 rats
73 creatures vanquished.

Notes
Turn   | Place    | Note
-------+----------+-------------------------------------------
     0 | D:1      | Irenicus the Deep Dwarf Earth Elementalist began the quest
                  | for the Orb.
     0 | D:1      | Reached XP level 1. HP: 15/15 MP: 3/3
   101 | D:1      | Reached XP level 2. HP: 22/22 MP: 0/4
   144 | D:1      | Reached skill level 5 in Earth Magic
   313 | D:1      | Reached XP level 3. HP: 20/28 MP: 5/5
   326 | D:1      | Learned a level 2 spell: Passwall
   691 | D:2      | Found an ornate altar of the Wu Jian Council.
   800 | D:2      | Found a faded altar of an unknown god.
   801 | D:2      | Reached skill level 2 in Spellcasting
   833 | D:2      | Reached skill level 6 in Earth Magic
   983 | D:3      | Reached XP level 4. HP: 17/36 MP: 3/7
  1086 | D:3      | Reached skill level 7 in Earth Magic
  1233 | D:3      | Reached XP level 5. HP: 20/42 MP: 0/8
  1412 | D:4      | Noticed a phantom
  1422 | D:4      | Noticed an ogre
  1424 | D:4      | Noticed an ogre
  1427 | D:4      | Killed an ogre
  1427 | D:4      | Reached skill level 8 in Earth Magic
  1431 | D:4      | Gained mutation: Your spells are a little easier to cast,
                  | but a little less powerful. [potion of mutation]
  1431 | D:4      | Gained mutation: You are frail. (-10% HP) [potion of
                  | mutation]
  1431 | D:4      | Gained mutation: You have sharp fingernails. [potion of
                  | mutation]
  1436 | D:4      | Reached XP level 6. HP: 22/44 MP: 0/9
  1437 | D:4      | Reached skill level 2 in Evocations
  1445 | D:4      | HP: 5/66 [phantom/exploding inner flame[the player
                  | character] (17)]
  1445 | D:4      | Reached skill level 4 in Evocations
  1652 | D:4      | Noticed an orc warrior
  1664 | D:4      | Reached skill level 5 in Evocations
  1668 | D:4      | Mangled by an orc warrior

Skill      XL: |  1  2  3  4  5  6 |
---------------+-------------------+-----
Earth Magic    | 5 6 7 8 |  8.8
Spellcasting   | 2 |  2.0
Evocations     | 5 |  5.0
Dodging        | |  2.1
Stealth        | |  2.4
Transmutations | |  0.8

Action                   |  1- 3 |  4- 6 || total
-------------------------+-------+-------++-------
Melee: Dagger            |    31 |    13 ||    44
 Cast: Sandblast         |    42 |    54 ||    96
       Passwall          |     7 |     6 ||    13
 Abil: Heal Wounds       |       |     1 ||     1
Evoke: Wand              |       |     3 ||     3
  Use: Potion            |       |     4 ||     4
       Scroll            |       |     6 ||     6
 Stab: Sleeping          |     1 |     1 ||     2
  Eat: Chunk             |     1 |     3 ||     4
Armor: Robe              |    26 |       ||    26
       Ring mail         |     2 |    20 ||    22
       Skin              |       |     5 ||     5
Dodge: Dodged            |    45 |    29 ||    74

Levels and vault maps discovered:
D:1:      evilmike_arrival_crescent, layout_loops_cross
D:2:      layout_loops_ring, nicolae_overflow_crystal_walls, first_ration,
          chequers_ecumenical_altar_simple
D:3:      layout_basic, roderic_roman_lattice
D:4:      layout_layer_cave, fedhas_altar_2, minmay_quantized

Table legend:
 A = Turns spent in this place as a percentage of turns spent in the entire game.
 B = Non-inter-level travel turns spent in this place as a percentage of non-inter-level travel turns spent in the entire game.
 C = Inter-level travel turns spent in this place as a percentage of turns spent in this place.
 D = Turns resting spent in this place as a percentage of non-inter-level travel turns spent in this place.
 E = Turns spent auto-exploring this place as a percentage of non-inter-level travel turns spent in this place.
 F = Non-inter-level travel turns spent in this place divided by the number of levels of this place that you've seen.
                   A       B       C       D       E      F
               +-------+-------+-------+-------+-------+----------------------
         Total | 100.0 | 100.0 |   0.0 |   1.3 |   0.0 | 417.0
       Dungeon | 100.0 | 100.0 |   0.0 |   1.3 |   0.0 | 417.0
               +-------+-------+-------+-------+-------+----------------------

Table legend:
 A = Kills in this place as a percentage of kills in entire the game.
 B = Kills by you in this place as a percentage of kills by you in the entire game.
 C = Kills by friends in this place as a percentage of kills by friends in the entire game.
 D = Other kills in this place as a percentage of other kills in the entire game.
 E = Experience gained in this place as a percentage of experience gained in the entire game.
 F = Experience gained in this place divided by the number of levels of this place that you have seen.
                   A       B       C       D       E      F
               +-------+-------+-------+-------+-------+----------------------
         Total | 100.0 | 100.0 |   N/A |   N/A | 100.0 | 174.8
       Dungeon | 100.0 | 100.0 |   N/A |   N/A | 100.0 | 174.8
               +-------+-------+-------+-------+-------+----------------------
